Cogmind - Beta 13 @@@ ROGUE MODE // 2024.04.17 @ 22:00:09 Player: GR4C3 Result: Destroyed by D-53 Grenadier with Mini Grenade Launcher Performance ------------- Evolutions (0) 0 Regions Visited (4) 800 Robots Destroyed (10) 50 Value Destroyed (297) 297 Prototype IDs (0) 0 Alien Tech Used (0) 0 Bonus (-71) -71 TOTAL SCORE: 1076 Bonus ------- Follower Combat Kills 60 Friendly Fire -131 Cogmind --------- Core Integrity 0/250 Matter 173/300 Energy 100/100 System Corruption 0% Temperature Cool (0) Movement Core (200) Ox3 Location -9/Mines Parts ------- > --- POWER (1) -------- (None) > --- PROPULSION (2) --- (None) > --- UTILITY (2) ------ Medium Storage Unit > --- WEAPON (2) ------- (None) > --- INVENTORY (10) --- Light Ion Engine Aluminum Leg Aluminum Leg Aluminum Leg Splice Drone Bay Medium Laser Medium Laser Particle Gun Peak State ------------ > --- POWER ------------ Light Nuclear Core > --- PROPULSION ------- Aluminum Leg Aluminum Leg > --- UTILITY ---------- Medium Storage Unit Makeshift System Shield > --- WEAPON ----------- Particle Gun Grenade Launcher > --- INVENTORY -------- Light Ion Engine Aluminum Leg Aluminum Leg Aluminum Leg Splice Drone Bay Medium Laser Medium Laser Grenade Launcher [Rating: 14] Favorites ----------- Power Light Ion Engine Engine Light Ion Engine Power Core Light Nuclear Core Propulsion Aluminum Leg Leg Aluminum Leg Utility Improved Terrain Scanner Device Improved Terrain Scanner Storage Medium Storage Unit Hackware Makeshift System Shield Weapon Medium Laser Energy Gun Medium Laser Launcher Grenade Launcher Build | -11 -10 -10 -10 -9 ------- Run | Yrd Mat Min Exi Min Slots Evolved . | . . . . . Power . | . . . . . Propulsion . | . . . . . Utility . | . . . . . Weapon . | . . . . . Parts Attached 22 | 7 1 3 4 7 Power 4 | 1 . 1 1 1 Engine 2 | 1 . . 1 . Core 2 | . . 1 . 1 Reactor . | . . . . . Propulsion 6 | 2 . . 2 2 Treads . | . . . . . Leg 6 | 2 . . 2 2 Wheel . | . . . . . Hover . | . . . . . Flight . | . . . . . Utility 4 | 2 1 . . 1 Device 1 | 1 . . . . Storage 2 | 1 1 . . . Processor . | . . . . . Hackware 1 | . . . . 1 Protection . | . . . . . Artifact . | . . . . . Weapon 8 | 2 . 2 1 3 Energy Gun 5 | 2 . 1 1 1 Energy Cannon . | . . . . . Ballistic Gun . | . . . . . Ballistic Cannon . | . . . . . Launcher 3 | . . 1 . 2 Special Weapon . | . . . . . Impact Weapon . | . . . . . Slashing Weapon . | . . . . . Piercing Weapon . | . . . . . Special Melee Weapon . | . . . . . Unidentified Prototypes . | . . . . . Parts Lost 8 | . . 1 . 7 Power 1 | . . . . 1 Propulsion 2 | . . . . 2 Utility 2 | . . . . 2 Weapon 3 | . . 1 . 2 Highest Loss Streak 6 | . . 1 . 6 To Critical Strikes . | . . . . . Average Slot Usage (%) 97 | . 100 96 99 83 Engine 11 | . 14 10 12 1 Core 2 | . . 3 1 11 Leg 27 | . 28 28 28 26 Device 13 | . 14 14 14 . Storage 14 | . 14 14 14 14 Energy Gun 16 | . 28 20 13 18 Launcher 10 | . . 4 14 7 Naked Turns . | . . . . . Heaviest Build 21 | 15 20 21 21 21 Greatest Support 20 | 20 20 20 20 20 Greatest Overweight (x) 1 | . . 1 1 1 Average Overweight (x) . | . . . . . Largest Inventory Capacity 10 | 8 10 10 10 10 Average Capacity 9 | 6 8 10 10 10 Most Carried 10 | 4 7 9 9 10 Average Carried 7 | 2 4 7 8 8 Final Capacity 10 | 8 10 10 10 10 Final Carried 9 | 2 6 9 9 8 Class Distribution -------------------- 82% | Mutant 12% | Commander-Mutant 5% | Scavenger-Mutant Dominant Class ---------------- Mutant | -10/Materials Mutant | -10/Mines Mutant | -10/Exiles Scavenger-Mutant | -9/Mines Resources | -11 -10 -10 -10 -9 ----------- Run | Yrd Mat Min Exi Min Matter Collected 423 | 270 . 50 . 103 Remotely . | . . . . . Salvage Created 329 | 24 33 158 . 114 Parts 17 | 4 3 6 . 4 Haulers Intercepted . | . . . . . Recyclers Shooed 1 | . . 1 . . Parts Field Recycled . | . . . . . Retrieved Matter . | . . . . . Parts Self-Destructed . | . . . . . Prevented . | . . . . . Kills | -11 -10 -10 -10 -9 ------- Run | Yrd Mat Min Exi Min Combat Hostiles Destroyed 18 | . 1 5 . 12 Guns 5 | . 1 3 . 1 AOE 13 | . . 2 . 11 Classes Destroyed 4 | 1 1 . . 2 Tunneler 2 | 1 . . . 1 Grunt 7 | . 1 5 . 1 Demolisher 1 | . . . . 1 Assembled 11 | . . . . 11 Best Kill Streak 13 | 1 1 3 . 13 Combat Bots Only 12 | . 1 3 . 12 Max Kills in Single Turn 5 | 1 1 1 . 5 Gunslinging . | . . . . . Exploded 4 | . . 1 . 4 Melee . | . . . . . Uniques/NPCs Destroyed . | . . . . . Combat | -11 -10 -10 -10 -9 -------- Run | Yrd Mat Min Exi Min Hostile Shots Fired 72 | . 2 33 . 37 Missed 21 | . . 10 . 11 Damage Taken 1000 | . 23 302 . 675 Core 251 | . 11 35 . 205 Absorbed by Shields . | . . . . . Core Remaining (%) 100 | 100 . . . . Volleys Fired 42 | 8 4 19 1 10 Largest 2 | 2 2 2 1 2 Hottest 100 | 100 100 100 50 95 Shots Fired 72 | 16 8 31 1 16 Gun 55 | 16 8 22 1 8 Cannon . | . . . . . Launcher 17 | . . 9 . 8 Special . | . . . . . Kinetic . | . . . . . Thermal 49 | 16 8 16 1 8 Explosive 17 | . . 9 . 8 Electromagnetic 6 | . . 6 . . Robot Hit Streak 6 | 3 1 6 . 3 Robot Miss Streak 2 | 2 2 2 . 2 Penetration Max . | . . . . . Secondary Targets . | . . . . . Shots Hit Robots 42 | 9 3 23 . 7 Core Hits 45 | 2 3 11 . 29 Critical Kills . | . . . . . Critical Parts Destroyed . | . . . . . Critical Strikes 2 | . . 1 . 1 Burn 2 | . . 1 . 1 Melee Attacks . | . . . . . Impact . | . . . . . Slashing . | . . . . . Piercing . | . . . . . Sneak Attacks . | . . . . . Combat Hostiles . | . . . . . Follow-up Attacks . | . . . . . Damage Inflicted 1441 | 113 37 481 . 810 Guns 419 | 113 37 215 . 54 Cannons . | . . . . . Explosions 1022 | . . 266 . 756 Melee . | . . . . . Ramming . | . . . . . Kinetic . | . . . . . Thermal 366 | 113 37 162 . 54 Explosive 1022 | . . 266 . 756 Electromagnetic 53 | . . 53 . . Impact . | . . . . . Slashing . | . . . . . Piercing . | . . . . . Highest Corruption . | . . . . . Average Corruption . | . . . . . Corruption Purged . | . . . . . Corruption Blocked . | . . . . . Overload Shots . | . . . . . Overflow Damage 6 | . . . . 6 Projectiles . | . . . . . Explosions 6 | . . . . 6 Melee . | . . . . . Knockbacks . | . . . . . Impact . | . . . . . Kinetic . | . . . . . Secondary . | . . . . . Self-Inflicted Damage 103 | . . 23 . 80 Shots 5 | . . 2 . 3 Rammed . | . . . . . Targets Rammed . | . . . . . Kicked . | . . . . . Crushed . | . . . . . Highest Temperature 300 | 273 90 300 10 119 Average Temperature 101 | 124 35 135 7 46 Received Heat Transfer 259 | . 12 180 . 67 Effects 1 | . . 1 . . Energy Bleed 1 | . . 1 . . Siege Activations . | . . . . . Robots Corrupted . | . . . . . Combat Hostiles . | . . . . . Parts Fried . | . . . . . Impact Corruptions . | . . . . . Robots Melted . | . . . . . Combat Hostiles . | . . . . . Parts Melted 2 | . . 2 . . Heat Transferred 1221 | 333 111 555 . 222 Parts Sabotaged . | . . . . . Parts Stolen . | . . . . . Parts Stripped . | . . . . . Power Chain Reactions . | . . . . . Alert | -11 -10 -10 -10 -9 ------- Run | Yrd Mat Min Exi Min Peak Influence 200 | 5 63 200 . 66 Initial 24 | . 3 24 . . Average 46 | 2 31 79 . 45 Maximum Alert Level 1 | . . 1 . . Low Security (%) 93 | 100 100 83 . 100 Level 1 6 | . . 16 . . Level 2 . | . . . . . Level 3 . | . . . . . Level 4 . | . . . . . Level 5 . | . . . . . High Security . | . . . . . Max Security . | . . . . . Squads Dispatched 1 | . 1 . . . Investigation . | . . . . . Extermination . | . . . . . Reinforcement 1 | . 1 . . . Assault . | . . . . . Garrison . | . . . . . Intercept . | . . . . . Searches Triggered . | . . . . . Construction Impeded . | . . . . . Haulers Reinforced . | . . . . . Active Scanning Responses . | . . . . . Cargo Convoy Interrupts . | . . . . . Stealth | -11 -10 -10 -10 -9 --------- Run | Yrd Mat Min Exi Min Distress Signals . | . . . . . Communications Jammed . | . . . . . Distress Signals . | . . . . . Times Spotted 29 | . 3 6 . 20 Peak Tracking Total 10 | . 1 4 . 10 Tactical Retreats 1 | . . 1 . . Traps | -11 -10 -10 -10 -9 ------- Run | Yrd Mat Min Exi Min Traps Triggered . | . . . . . Indirectly . | . . . . . Trap Hack Attempts . | . . . . . Triggered . | . . . . . Disarmed . | . . . . . Reprogrammed . | . . . . . Reused . | . . . . . Traps Extracted . | . . . . . Installed . | . . . . . Triggered . | . . . . . Machines | -11 -10 -10 -10 -9 ---------- Run | Yrd Mat Min Exi Min Machines Disabled . | . . . . . Max in Single Turn . | . . . . . Machines Repaired . | . . . . . Machines Dismantled . | . . . . . Machines Sabotaged . | . . . . . Overloaded Fab Kills . | . . . . . Hacking | -11 -10 -10 -10 -9 --------- Run | Yrd Mat Min Exi Min Machines Accessed 4 | . . 1 3 . Terminals . | . . . . . Fabricators . | . . . . . Repair Stations . | . . . . . Recycling Units . | . . . . . Scanalyzers . | . . . . . Garrison Access . | . . . . . Total Hacks 34 | . . 1 33 . Successful 34 | . . 1 33 . Failed . | . . . . . Catastrophic . | . . . . . Database Lockouts . | . . . . . Manual . | . . . . . Terminals . | . . . . . Fabricators . | . . . . . Repair Stations . | . . . . . Recycling Units . | . . . . . Scanalyzers . | . . . . . Garrison Access . | . . . . . Terminal Hacks 34 | . . 1 33 . Record 33 | . . . 33 . Open Door 1 | . . 1 . . Fabricator Hacks . | . . . . . Repair Station Hacks . | . . . . . Recycling Unit Hacks . | . . . . . Scanalyzer . | . . . . . Garrison Access Hacks . | . . . . . Unauthorized Hacks . | . . . . . Terminals . | . . . . . Fabricators . | . . . . . Repair Stations . | . . . . . Recycling Units . | . . . . . Scanalyzers . | . . . . . Garrison Access . | . . . . . Data Cores Recovered . | . . . . . Used . | . . . . . Hacking Detections . | . . . . . Full Trace Events . | . . . . . Feedback Events . | . . . . . Feedback Blocked . | . . . . . Robot Schematics Acquired . | . . . . . Robots Built . | . . . . . Authchips . | . . . . . Time . | . . . . . Total Robot Build Rating . | . . . . . Part Schematics Acquired . | . . . . . Parts Built . | . . . . . Authchips . | . . . . . Time . | . . . . . Total Part Build Rating . | . . . . . Parts Repaired . | . . . . . Time . | . . . . . Parts Recycled . | . . . . . Recycled Matter . | . . . . . Retrieved Matter . | . . . . . Retrieved Components . | . . . . . Parts Scanalyzed . | . . . . . Part Schematics Acquired . | . . . . . Parts Damaged . | . . . . . Bothacking | -11 -10 -10 -10 -9 ------------ Run | Yrd Mat Min Exi Min Used RIF Installer . | . . . . . Robots Hacked . | . . . . . Non-combat . | . . . . . Combat . | . . . . . Robot Hacks Applied . | . . . . . Relay Couplers Released . | . . . . . Fabnet Peak Effective % . | . . . . . Robots Rewired 4 | . . . 4 . Allies Hacked . | . . . . . Hacks Repelled . | . . . . . Allies | -11 -10 -10 -10 -9 -------- Run | Yrd Mat Min Exi Min Total Allies 4 | . . . 4 . Largest Group 4 | . . . 4 3 Highest-Rated Group 58 | . . . 58 50 Highest-Rated Ally 21 | . . . 21 21 Total Orders . | . . . . . Ally Attacks 15 | . . . . 15 Total Damage 285 | . . . . 285 Kills 2 | . . . . 2 Allies Corrupted 1 | . . . . 1 Allies Melted . | . . . . . Intel | -11 -10 -10 -10 -9 ------- Run | Yrd Mat Min Exi Min Robot Analysis Total . | . . . . . Derelict Logs Recovered 1 | . . 1 . . Drone Launches . | . . . . . Drone Recoveries . | . . . . . Exploration | -11 -10 -10 -10 -9 ------------- Run | Yrd Mat Min Exi Min Turns Passed 1899 | 166 197 306 1130 100 Spaces Moved 1399 | 112 149 202 887 49 Core 11 | 11 . . . . Treads . | . . . . . Legs 1388 | 101 149 202 887 49 Wheels . | . . . . . Hover . | . . . . . Flight . | . . . . . Fastest Speed 50 | 50 120 120 120 120 Average Speed 121 | 113 120 122 122 124 Slowest Speed 190 | 120 120 190 190 190 Overloaded Moves . | . . . . . Propulsion Burnouts . | . . . . . Robots Hopped . | . . . . . Cave-ins Triggered . | . . . . . Exploration Rate (%) 37 | 5 33 43 92 15 Regions Visited 4 Branch Regions 3 Pre-discovered Areas 2 | . . 1 1 . Known Exits Taken . | . . . . . Unknown Exits Taken 4 | 1 1 1 1 . Scrap Searched . | . . . . . Spaces Dug . | . . . . . Terrain Destroyed 115 | . . 71 . 44 Melee . | . . . . . Projectile . | . . . . . AOE 115 | . . 71 . 44 Terrain Rammed . | . . . . . Walls Destroyed . | . . . . . Machines Disabled . | . . . . . Actions | -11 -10 -10 -10 -9 --------- Run | Yrd Mat Min Exi Min Total 1524 | 135 159 228 932 70 Wait 4 | . . . 4 . Move 1395 | 111 148 201 886 49 Hop . | . . . . . Pick Up 21 | 9 5 4 1 2 Fast Attach . | . . . . . Attach 9 | 7 . . 1 1 Detach . | . . . . . Swap 13 | . 1 3 3 6 Drop 4 | . 1 1 . 2 Fire 42 | 8 4 19 1 10 Melee . | . . . . . Ram . | . . . . . Kick . | . . . . . Crush . | . . . . . Escape Stasis . | . . . . . Rewire 36 | . . . 36 . Trap . | . . . . . Miscellaneous . | . . . . . Route ------- -11/Scrapyard -10/Materials -10/Mines (discovered 2 exits: [*Mat] / *Exi) -10/Exiles (discovered 2 exits: [*Min x2]) -9/Mines History --------- Turn | Location | Event 3 | -11/Scrapyard | Discovered new exit (range 15) 167 | -11/Scrapyard | Entered Materials 301 | -10/Materials | Build established: Mutant 352 | -10/Materials | Discovered new exit (range 6) 364 | -10/Materials | Entered Mines 381 | -10/Mines | Met a Derelict bent on vengeance 398 | -10/Mines | Discovered new exit (range 9) 423 | -10/Mines | Learned 2 Materials zone layouts 427 | -10/Mines | Learned location of Storage (-7) 475 | -10/Mines | Found the Drone Emporium 480 | -10/Mines | Found Prototype Device 665 | -10/Mines | Deemed a non-threat by the Exiles lab entrance 665 | -10/Mines | Discovered new exit (range 5) 670 | -10/Mines | Entered Exiles 670 | -10/Exiles | Found Exiles lab destroyed 692 | -10/Exiles | Discovered new exit (range 15) 862 | -10/Exiles | Learned location of Zion (-6) 904 | -10/Exiles | Discovered new exit (range 14) 1800 | -10/Exiles | Entered Mines 1800 | -9/Mines | Accompanied by 4 allies 1847 | -9/Mines | Assembled infested the area 1852 | -9/Mines | Assisted by a Guerilla fighting off Assembled 1866 | -9/Mines | Core integrity fell below 50% 1886 | -9/Mines | Core integrity fell below 20% 1896 | -9/Mines | Lost 4 allies 1900 | -9/Mines | Destroyed by D-53 Grenadier with Mini Grenade Launcher Last Messages --------------- 01868_ as-96626 destroyed. 01868_ as-33622 destroyed. 01881_ as-57746 destroyed. 01885_ Destroyed Mining Laser. 01889_ as-78970 destroyed. 01889_ as-98566 destroyed. 01889_ as-66331 destroyed. 01890_ The unstable cave ceiling collapses. 01890_ Lgt. Nuclear Core destroyed. 01891_ as-89773 destroyed. 01891_ D-53 Grenadier destroyed. 01892_ Grenade Launcher destroyed. 01894_ U-05 Engineer lays Concrete. 01896_ The unstable cave ceiling collapses. 01896_ as-45743 destroyed. 01896_ U-05 Engineer lays Concrete. 01898_ Aluminum Leg destroyed. 01899_ U-05 Engineer lays Concrete. 01900_ Aluminum Leg destroyed. 01900_ Mak. System Shield destroyed. Map ----- +----------------------------------------------------+ | ?????????????????????????????????????????????????? | | ?????????????????????????????????????????????????? | | ?????????????????????????????????????????????????? | | ??????????????????????????? ????????????????????? | | ??????????????????????????%! ???????????????????? | | ????????????????????????? % #??????????????????? | | ????????????????????????# ##????????????????? | | ???????????????????????? ????????????????? | | ???????????????????????## ?????????????????? | | ?????????????????????### ?????????????????? | | ?????????????????????# ??????????????????? | | ?????????????????????# ??????????????????? | | ????????????????????## ??????????????????? | | ????????????????????? #??????????????????? | | ????????????????????## #??????????????????? | | ????????????????????# #??????????????????? | | ????????????????????# d ##?????????????????? | | ????????????????????# ##????????????????? | | ????????????????????# #????????????????? | | ????????????????????# #????????????????? | | ??????????????####??# #????????????????? | | ?????????###### #?# #????????????????? | | ????????## ## ##????????????????? | | ???????? a #?????????????????? | | ???????? # #?????????????????? | | ????????# t [%[ @ #?????????????????? | | ??????????????# #?????????????????? | | ??????????????## #####?????????????????? | | ???????????????## = ##?????????????????????? | | ????????????????# [% ###??????????????????????? | | ????????????????# uu k#####???????#????????????? | | ????????????????# ##= ##???????????????????? | | ????????????????## ###% #???????????????????? | | ?????????????????## ##[* [ = #???????????????????? | | ??????????????????# ## === ##???????????????????? | | ??????????????????# ### ####????????????????????? | | ???????????????#### ### #???????????????????????? | | ???????????????# #???????????????????????? | | ???????????????# ###### ????????????????? | | ???????????????#??????# #########???????????????? | | ?????????????????????? #???????????????????????? | | ?????????????????????? #???????????????????????? | | ????????????????????? #???????????????????????? | | ????????????????????? ##???????????????????????? | | ???????????????????? #????????????????????????? | | ???????????????????? #????????????????????????? | | ??????????????????? ?????????????????????????? | | ???????????????????# ?????????????????????????? | | ???????????????????## #?????????????????????????? | | ????????????????????###??????????????????????????? | +----------------------------------------------------+ Best States ------------- Heat Dissipation 25 Energy Generation 14 Energy Capacity 250 Matter Stores 300 Matter Capacity 300 Sight Range 16 Terrain Scan Range 16 Terrain Scan Density 10 Evasion (%) 55 Defensive Hacking 11 Item Schematics ----------------- None Robot Schematics ------------------ None Fabricated ------------ Nothing Alien Tech Used ----------------- None Achievements -------------- A New Friend Challenges ------------ None Game ------ Seed BackupPointyDiverter Manual? 0 Play Time 00:25:50 Cumulative 40.0 hours Start 2024.04.17 @ 21:35:04 End 2024.04.17 @ 22:00:09 Sessions 1 Manual Loads 0 Difficulty Rogue Special Mode None Game No. 31 Rogue 17 Adventurer 14 Explorer 0 Win Type - Total 0 Types 0/0/0/0/0/0/0/0/0 Lore% 20 Gallery% 30 Achievement% 19 Wizard Run 0 Options --------- Layout 1 ASCII 0 Keyboard 0 Movement Mouse Keybinds 0 Fullscreen 2 Font 36/Smallcaps Map View 53x45 Zoom Use 0% Tactical HUD 1 Map Filters NONE Filters NONE Steam 1 RUN: d90c368c-a6d3-4fdb-ba93-3c3b728d5d11